 Dungeon Crawl Stone Soup version 0.23.2-33-g5129a83 (webtiles) character file.

Game seed: 12435188359326353363

107 Fortress the Firebug (level 4, -3/33 HPs)
             Began as a Draconian Fire Elementalist on Aug 6, 2019.
             Slain by a gnoll
             ... wielding a +0 halberd
              (11 damage)
             ... on level 2 of the Dungeon.
             The game lasted 00:04:59 (1284 turns).

Fortress the Firebug (Draconian Fire Elementalist)  Turns: 1284, Time: 00:04:59

Health: -3/33      AC:  5    Str: 11    XL:     4   Next: 56%
Magic:  1/8        EV: 12    Int: 16    God:
Gold:   105        SH:  0    Dex: 11    Spells: 7/8 levels left

rFire    . . .     SeeInvis .   e - +2 short sword (venom)
rCold    . . .     Gourm    .   (no shield)
rNeg     . . .     Faith    .   (armour unavailable)
rPois    .         Spirit   .   (helmet restricted)
rElec    .         Reflect  .   (no cloak)
rCorr    .         Harm     .   (no gloves)
MR       .....                  (no boots)
Stlth    ++........             (no amulet)
HPRegen  0.11/turn              (no ring)
MPRegen  0.11/turn              (no ring)

@: no status effects
A: unfitting armour, cold-blooded, AC +5
a: no special abilities


You were on level 2 of the Dungeon.
You were very hungry.

You visited 1 branch of the dungeon, and saw 2 of its levels.

You collected 105 gold pieces.

Inventory:

Hand Weapons
 e - a +2 short sword of venom (weapon)
Jewellery
 g - a +5 ring of dexterity {unknown}
 k - a cursed -2 ring of evasion {unknown}
Scrolls
 a - 2 scrolls of identify {unknown}
 c - a scroll of random uselessness {unknown}
 f - a scroll of blinking {unknown}
 h - 2 scrolls of amnesia {unknown}
 j - a scroll of magic mapping {unknown}
 l - a scroll of teleportation {unknown}
Potions
 d - 2 potions of curing {unknown}
 i - a potion of mutation {unknown}
Comestibles
 b - 3 rations


   Skills:
 + Level 0.1 Short Blades
 + Level 2.2 Dodging
 + Level 1.9 Stealth
 + Level 2.7 Spellcasting
 + Level 1.7 Conjurations
 + Level 4.3 Fire Magic


You had 7 spell levels left.
You knew the following spells:

 Your Spells              Type           Power        Failure   Level  Hunger
a - Flame Tongue          Conj/Fire      ##...        5%          1    #......

Your spell library contained the following spells:

 Spells                   Type           Power        Failure   Level  Hunger
 Throw Flame              Conj/Fire      ##....       9%          2    ##.....
 Conjure Flame            Conj/Fire      ##......     17%         3    ###....
 Inner Flame              Hex/Fire       #.......     24%         3    ###....
 Sticky Flame             Conj/Fire      ##......     50%         4    #####..
 Fireball                 Conj/Fire      ##........   83%         5    ######.


Dungeon Overview and Level Annotations

Branches:
Dungeon (2/15)

Altars:
Fedhas


Innate Abilities, Weirdness & Mutations

Your plain brown scales are hard. (AC +5)
You cannot fit into any form of body armour.
You are cold-blooded and may be slowed by cold attacks.


Message History

* * * LOW HITPOINT WARNING * * *
You hit the leopard gecko.
You kill the leopard gecko!
Casting: Flame Tongue (safe; 5% risk of failure)
Confirm with . or Enter, or press ? or * to list all spells.
Aiming: Flame Tongue (safe; 5% risk of failure)
Press: ? - help, Shift-Dir - straight line, f/p - gnoll
Aim: a gnoll, wielding a +0 club (moderately wounded)
The flame tongue misses the gnoll.
The flame tongue hits the gnoll.
The gnoll is severely wounded.
The gnoll closely misses you.
Casting: Flame Tongue (safe; 5% risk of failure)
Confirm with . or Enter, or press ? or * to list all spells.
Aiming: Flame Tongue (safe; 5% risk of failure)
Press: ? - help, Shift-Dir - straight line, f/p - gnoll
Aim: a gnoll, wielding a +0 club (severely wounded)
The flame tongue hits the gnoll.
The gnoll is heavily wounded.
The gnoll hits you from afar with a +0 halberd!
You die...

#. #.# #. #.# #. #.# #
#. ########.# #.#.
.>.......######
#####g#.#########.......
...=ggg#...# #.######
#.##.# #.# #@##.# #.#
#.##.# #.# ..##.######.#
#####........#
##########


You could see 2 gnolls.

Vanquished Creatures
  7 adders
  A worm (D:2)
  A dart slug (D:1)
  2 leopard geckos
  4 bats
  2 giant cockroaches
  3 goblins
  4 hobgoblins (D:1)
  A quokka (D:2)
  3 ball pythons (D:1)
  3 frilled lizards
  7 kobolds
  5 rats
43 creatures vanquished.

Notes
Turn   | Place    | Note
-------+----------+-------------------------------------------
     0 | D:1      | Fortress the Draconian Fire Elementalist began the quest
                  | for the Orb.
     0 | D:1      | Reached XP level 1. HP: 14/14 MP: 3/3
    78 | D:1      | Reached XP level 2. HP: 17/20 MP: 0/5
   688 | D:2      | Reached skill level 4 in Fire Magic
   688 | D:2      | Reached XP level 3. HP: 26/26 MP: 1/6
  1050 | D:2      | Reached XP level 4. HP: 33/33 MP: 0/7
  1204 | D:2      | Found a blossoming altar of Fedhas.
  1284 | D:2      | Slain by a gnoll

Skill      XL: |  1  2 |
---------------+-------+-----
Dodging        | 2 |  2.2
Fire Magic     | 4 |  4.3
Short Blades   | |  0.1
Stealth        | |  1.9
Spellcasting   | |  2.7
Conjurations   | |  1.7

Action                   |  1- 3 |  4- 6 || total
-------------------------+-------+-------++-------
Melee: Unarmed           |    25 |       ||    25
       Short sword       |    12 |     3 ||    15
       Tailslap          |     1 |     1 ||     2
 Cast: Flame Tongue      |    48 |    18 ||    66
  Eat: Chunk             |     1 |       ||     1
Armor: Skin              |    11 |     4 ||    15
Dodge: Dodged            |    43 |    10 ||    53
